 Dungeon Crawl Stone Soup version 0.27-a0-287-gd4424db430 (webtiles) character file.

Game seed: 10714074868992184850

15691 siradein the Earth Mage (level 12, -3/63 HPs)
             Began as a Gargoyle Earth Elementalist on Feb 7, 2021.
             Was an Elder of Vehumet.
             Slain by a purple ugly thing (5 damage)
             ... on level 8 of the Dungeon on Feb 9, 2021.
             The game lasted 01:15:50 (16022 turns).

siradein the Earth Mage (GrEE)                     Turns: 16022, Time: 01:15:51

Health: -3/63      AC: 19    Str: 10 (11) XL:     12   Next: 29%
Magic:  11/25      EV: 11    Int: 28      God:    Vehumet [****..]
Gold:   871        SH:  0    Dex: 10      Spells: 10/29 levels left

rFire    . . .     SeeInvis +   G - +3 flail (protect)
rCold    . . .     Faith    +   (no shield)
rNeg     + . .     Spirit   .   M - +0 troll leather armour
rPois    ∞         Reflect  .   (no helmet)
rElec    +         Harm     .   k - +1 cloak
rCorr    .         Rampage  .   L - +0 pair of gloves
Will     .....                  i - +2 pair of boots
Stlth    ++........             A - amulet of faith
HPRegen  0.60/turn              r - +6 ring of intelligence
MPRegen  0.19/turn              J - ring of see invisible

@: no status effects
A: rugged brown scales 1, deterioration 1, negative energy resistance 1,
electricity resistance, unbreathing, petrification resistance, no potion heal 1,
miasma immunity, AC +8
a: Renounce Religion


You were on level 8 of the Dungeon.
You worshipped Vehumet.
Vehumet was greatly pleased with you.
You visited 3 branches of the dungeon, and saw 14 of its levels.

You collected 871 gold pieces.

Inventory:

Hand Weapons
 y - a +2 quarterstaff of draining
 G - a +3 flail of protection (weapon)
 N - a +5 trident of flaming
Missiles
 b - 348 stones
Armour
 i - a +2 pair of boots (worn)
 k - a +1 cloak (worn)
 L - a +0 pair of gloves (worn)
 M - a +0 troll leather armour (worn)
Jewellery
 r - a +6 ring of intelligence (left hand)
 s - an uncursed ring of positive energy
 z - a cursed ring of teleportation {unknown}
 A - an amulet of faith (around neck)
 C - an uncursed amulet of reflection {unknown}
 F - a +6 ring of intelligence
 J - a ring of see invisible (right hand)
Wands
 c - a wand of paralysis (5)
 f - a wand of acid (9)
 j - a wand of random effects (37)
 D - a wand of flame (58)
Scrolls
 a - 2 scrolls of noise {unknown}
 e - 13 scrolls of identify
 h - 7 scrolls of teleportation
 n - 9 scrolls of magic mapping
 q - 2 scrolls of enchant weapon
 t - 2 scrolls of amnesia
 u - a scroll of fog
 w - a scroll of enchant armour {unknown}
 x - 5 scrolls of remove curse
Potions
 d - 3 potions of heal wounds
 g - 7 potions of haste
 l - a potion of resistance
 m - 2 potions of might
 o - 5 potions of curing
 p - 3 potions of degeneration
 v - a potion of flight
 E - 3 potions of cancellation


   Skills:
 + Level 2.1 Fighting
 - Level 1.5 Dodging
 - Level 2.1 Stealth
 + Level 9.3 Spellcasting
 + Level 10.6 Conjurations
 - Level 0.7 Transmutations
 + Level 4.2 Fire Magic
 + Level 15.2 Earth Magic


You had 10 spell levels left.
You knew the following spells:

 Your Spells              Type           Power        Failure   Level
a - Sandblast             Erth           100%         0%          1
b - Stone Arrow           Conj/Erth      100%         1%          3
c - Lee's Rapid Deconstr  Erth           39%          1%          5
d - Passwall              Tmut/Erth      45%          1%          2
e - Petrify               Tmut/Erth      55%          2%          4
f - Ignite Poison         Fire/Tmut/Pois 22%          2%          3
g - Animate Skeleton      Necr           26%          6%          1

Your spell library contained the following spells:

 Spells                   Type           Power        Failure   Level
 Freeze                   Ice            52%          1%          1
 Hailstorm                Conj/Ice       42%          1%          4
 Frozen Ramparts          Ice            26%          5%          3
 Apportation              Tloc           26%          6%          1
 Pain                     Necr           52%          6%          1
 Lesser Beckoning         Tloc           6%           19%         3
 Ozocubu's Armour         Ice            13%          19%         3
 Tukima's Dance           Hex            13%          19%         3
 Vampiric Draining        Necr           6%           19%         3
 Animate Dead             Necr           6%           52%         4
 Summon Ice Beast         Ice/Summ       13%          52%         4
 Alistair's Intoxication  Tmut/Pois      10%          80%         5
 Agony                    Necr           13%          86%         5
 Invisibility             Hex            13%          100%        6


Dungeon Overview and Level Annotations

Branches:
Dungeon (10/15)            Temple (1/1) D:5            Lair (3/6) D:8
  Swamp: Lair:2-4    Shoals: Lair:2-4     Snake: Lair:2-4    Spider: Lair:2-4
    Orc: D:9-12

Altars:
Ashenzari
Cheibriados
Dithmenos
Elyvilon
Fedhas
Gozag
Hepliaklqana
Kikubaaqudgha
Makhleb
Nemelex Xobeh
Okawaru
Qazlal
Ru
Sif Muna
Trog
Uskayaw
Vehumet
Wu Jian
Xom
Yredelemnul
Zin
The Shining One
Lugonu

Annotations:
D:8 , 1 transporter


Innate Abilities, Weirdness & Mutations

You are resistant to torment.
Your stone body is resilient. (AC +8)
You are immune to poison.
You resist negative energy. (rN+)
You are resistant to electric shocks. (rElec)
You can survive without breathing.
You are immune to petrification.
You are immune to miasma.
You are partially covered in rugged brown scales. (AC +1, +3% HP)
Your body sometimes deteriorates upon taking damage.
Potions are less effective at restoring your health.


Message History

Press: ? - help, Q - select action, (/) - cycle Shift-Dir - straight line, f/p - purple ugly thing
Aim: a purple ugly thing (almost dead, 22% to evade)
The stone arrow misses the purple ugly thing.
The small abomination hits you but does no damage.
The purple ugly thing engulfs you!
* * * LOW HITPOINT WARNING * * *
Your body deteriorates!
You feel weakened. The purple ugly thing trunk-slaps you!
* * * LOW HITPOINT WARNING * * *
Aiming: Stone Arrow (safe; 1% risk of failure)
Press: ? - help, Q - select action, (/) - cycle Shift-Dir - straight line, f/p - purple ugly thing
Aim: a purple ugly thing (almost dead, 22% to evade)
The stone arrow hits the purple ugly thing!
You kill the purple ugly thing!
Vehumet accepts your kill.
You feel your power returning. The small abomination hits you.
* * * LOW HITPOINT WARNING * * *
The purple ugly thing trunk-slaps you.
You die...

#=#..##©##...?#........#..##
# #...###...###...[....##.##
##.......###.......####...
##.....##.........# ####
#.._..##...>.....# #
##.....##.........#
##...©...####....### #
#...###x†x# #....#
#.#..##©##u@#.#....#
#...##...###..#....#
##..##...##(.##....# #
#.....# ###....#
###.#######...<#
#......).....#
##############


You could see a purple ugly thing and 2 small abominations.

Vanquished Creatures
  2 catoblepae (Lair:2)
  A two-headed ogre (D:9)
  A death yak (Lair:2)
  The ghost of foci the Cleaver, a novice GrFi of the Shining One (D:8)
  An ugly thing (D:8)
  2 black mambas
  A centaur zombie (D:10)
  5 cane toads
  2 komodo dragons
  2 trolls (D:10)
  Grinder (D:3)
  Prince Ribbit (D:7)
  A blink frog (Lair:2)
  17 yaks
  2 basilisks
  Menkaure (D:5)
  5 water moccasins
  4 orc warriors
  4 black bears
  A sky beast (D:7)
  3 necrophages
  4 ogres
  5 wolves (Lair:3)
  4 centaurs
  A phantom (D:7)
  13 bullfrogs
  A gnoll sergeant (D:10)
  3 small abominations (D:8)
  A wyvern skeleton (D:9)
  2 scorpions
  5 wights (D:10)
  15 killer bees
  2 jellies
  A bullfrog zombie (D:5)
  5 orc priests
  A hound (D:5)
  An iguana (D:5)
  Ijyb (D:3)
  6 orc wizards
  8 worker ants
  A hound zombie (D:7)
  2 hound skeletons
  2 worker ant zombies
  6 adders
  7 gnolls
  2 shadow imps (D:10)
  2 white imps
  2 ufetubi
  An ooze (D:7)
  2 adder skeletons
  4 worms
  2 dart slugs (D:3)
  10 leopard geckos
  59 orcs
  11 bats
  6 giant cockroaches
  8 goblins
  9 hobgoblins
  8 jackals
  6 kobolds
  2 quokkas (D:9)
  A ball python (D:4)
  8 frilled lizards
  A jackal skeleton (D:4)
  A jackal zombie (D:5)
  2 leopard gecko skeletons
  A quokka skeleton (D:5)
  4 rats
307 creatures vanquished.

Vanquished Creatures (others)
  24 fungi
  37 plants
61 creatures vanquished.

Grand Total: 368 creatures vanquished

Notes
Turn   | Place    | Note
-------+----------+-------------------------------------------
     0 | D:1      | siradein the Gargoyle Earth Elementalist began the quest
                  | for the Orb.
     0 | D:1      | Reached XP level 1. HP: 10/10 MP: 3/3
   132 | D:1      | Reached skill level 4 in Earth Magic
   184 | D:1      | Reached XP level 2. HP: 15/15 MP: 0/5
   750 | D:1      | Learned a level 2 spell: Passwall
   990 | D:2      | Reached skill level 5 in Earth Magic
   990 | D:2      | Reached XP level 3. HP: 19/19 MP: 6/6
  1418 | D:2      | Found a broken altar of Ashenzari.
  1621 | D:2      | Learned a level 3 spell: Stone Arrow
  2106 | D:2      | Found a faded altar of an unknown god.
  2173 | D:2      | Noticed an ogre
  2231 | D:2      | Found a sparkling altar of Nemelex Xobeh.
  2474 | D:3      | Reached XP level 4. HP: 24/24 MP: 5/7
  2674 | D:3      | Reached skill level 6 in Earth Magic
  2885 | D:3      | Noticed Grinder
  2890 | D:3      | Paralysed by Grinder for 6 turns
  2896 | D:3      | Killed Grinder
  2897 | D:3      | Reached skill level 8 in Earth Magic
  2897 | D:3      | Reached XP level 5. HP: 22/28 MP: 1/8
  2897 | D:3      | Reached XP level 6. HP: 25/32 MP: 1/9
  3143 | D:3      | Noticed Ijyb
  3160 | D:3      | Killed Ijyb
  3161 | D:3      | Reached skill level 9 in Earth Magic
  3369 | D:3      | Found a sacrificial altar of Ru.
  3710 | D:2      | Reached XP level 7. HP: 16/36 MP: 10/10
  4201 | D:4      | Reached skill level 10 in Earth Magic
  4595 | D:4      | Found a sparkling altar of Nemelex Xobeh.
  4717 | D:4      | Learned a level 5 spell: Lee's Rapid Deconstruction
  5019 | D:5      | Entered Level 5 of the Dungeon
  5132 | D:5      | Reached XP level 8. HP: 38/41 MP: 9/11
  5163 | D:5      | Reached skill level 11 in Earth Magic
  5233 | D:5      | Found a bloodstained altar of Trog.
  5414 | D:5      | Found a shimmering altar of Xom.
  5414 | D:5      | Found a basalt altar of Yredelemnul.
  5499 | D:5      | Reached skill level 1 in Conjurations
  5642 | D:5      | Noticed Menkaure
  5643 | D:5      | Killed Menkaure
  5847 | D:5      | Found a staircase to the Ecumenical Temple.
  6001 | D:5      | Learned a level 2 spell: Passwall
  6903 | Temple   | Entered the Ecumenical Temple
  6936 | Temple   | Became a worshipper of Vehumet
  7084 | D:7      | Reached XP level 9. HP: 45/45 MP: 2/14
  7275 | D:7      | Found a burning altar of Makhleb.
  7304 | D:7      | Reached skill level 12 in Earth Magic
  7591 | D:7      | Noticed Prince Ribbit
  7598 | D:7      | Killed Prince Ribbit
  7668 | D:7      | You fall into a shaft and drop 1 floor!
  7683 | D:8      | Found a runed translucent gate.
  7683 | D:8      | Found a runed translucent gate.
  7684 | D:8      | Found a runed translucent gate.
  7684 | D:8      | Noticed foci's ghost (novice GrFi)
  7906 | D:7      | Reached skill level 5 in Conjurations
  8155 | D:8      | Upgraded the game from 0.27-a0-277-g024f7ef292 to
                  | 0.27-a0-287-gd4424db430
  8156 | D:8      | Reached * piety under Vehumet
  8156 | D:8      | Offered knowledge of Shock by Vehumet.
  8182 | D:7      | Reached skill level 5 in Spellcasting
  8290 | D:8      | Noticed a komodo dragon
  8345 | D:8      | Learned a level 4 spell: Petrify
  8570 | D:8      | Noticed a purple ugly thing
  8571 | D:8      | Found a corrupted altar of Lugonu.
  8679 | D:8      | Found a transporter.
  8680 | D:8      | Killed a komodo dragon
  8753 | D:8      | Found a transporter.
  8753 | D:8      | Noticed a brown ugly thing
  8792 | D:8      | Reached XP level 10. HP: 50/50 MP: 18/18
  8823 | D:8      | Found a staircase to the Lair.
  8938 | D:8      | Offered knowledge of Searing Ray by Vehumet.
  8940 | D:8      | Reached ** piety under Vehumet
  8952 | D:8      | Reached skill level 13 in Earth Magic
  9318 | D:8      | Killed foci's ghost
  9584 | D:9      | Offered knowledge of Inner Flame by Vehumet.
  9785 | D:9      | Found a radiant altar of Vehumet.
  9843 | D:9      | Reached *** piety under Vehumet
 10037 | D:9      | Found an ancient bone altar of Kikubaaqudgha.
 10039 | D:9      | Found a shimmering blue altar of Sif Muna.
 10041 | D:9      | Found an ornate altar of the Wu Jian Council.
 10044 | D:9      | Found an iron altar of Okawaru.
 10046 | D:9      | Found a shadowy altar of Dithmenos.
 10269 | D:9      | Noticed a two-headed ogre
 10271 | D:9      | Killed a two-headed ogre
 10434 | D:9      | Found a hazy altar of Hepliaklqana.
 10479 | D:10     | Entered Level 10 of the Dungeon
 11102 | D:10     | Offered knowledge of Fulminant Prism by Vehumet.
 11734 | D:10     | Reached skill level 14 in Earth Magic
 11869 | D:10     | Reached XP level 11. HP: 54/54 MP: 13/22
 12402 | Lair:1   | Entered Level 1 of the Lair of Beasts
 12782 | Lair:1   | Reached **** piety under Vehumet
 12783 | Lair:1   | Gained mutation: Potions are less effective at restoring
                  | your health. [potion of mutation]
 12783 | Lair:1   | Gained mutation: Your body sometimes deteriorates upon
                  | taking damage. [potion of mutation]
 12783 | Lair:1   | Gained mutation: You are partially covered in rugged brown
                  | scales. (AC +1, +3% HP) [potion of mutation]
 13586 | Lair:1   | Offered knowledge of Ignite Poison by Vehumet.
 13636 | Lair:1   | Learned a level 3 spell: Ignite Poison
 13787 | Lair:2   | Reached skill level 1 in Fire Magic
 13986 | Lair:2   | Noticed a catoblepas
 13996 | Lair:2   | Killed a catoblepas
 13998 | Lair:2   | Reached skill level 10 in Conjurations
 14575 | Lair:2   | Noticed a catoblepas
 14686 | Lair:2   | Killed a catoblepas
 14687 | Lair:2   | Reached skill level 15 in Earth Magic
 14687 | Lair:2   | Reached XP level 12. HP: 25/60 MP: 3/25
 15061 | Lair:2   | Noticed a death yak
 15087 | Lair:2   | Killed a death yak
 15088 | Lair:2   | Reached skill level 1 in Fighting
 15998 | D:8      | Learned a level 1 spell: Animate Skeleton
 16022 | D:8      | HP: 2/63 [small abomination (4)]
 16022 | D:8      | Slain by a purple ugly thing

Illustrated notes

Levels and vault maps discovered:
D:1:      psy_arrival_conway, layout_basic, dk_noncrumbling_4
D:2:      layout_loops_corners, ashenzari_conservatory_becter,
          general_overflow_altar, chequers_ecumenical_altar_island,
          minmay_quadrilaterals
D:3:      minmay_bubble_buster, layout_basic, marbit_many_paths, uniq_ijyb,
          uniq_grinder
D:4:      layout_basic, serial_bayou, serial_bayou_lake_a, serial_bayou_shore_a,
          serial_bayou_crossing, serial_bayou_pond_a, minmay_misc_feat_alley,
          nemelex_spade_bored_becter
D:5:      layout_basic, lemuel_doored_altar, gammafunk_temple_overflow_elements,
          minmay_temple_entry_proselytizer, kennysheep_path_1, uniq_menkaure
D:6:      layout_cave_pools, minivault_26
D:7:      layout_rooms, makhleb_blood_cavern_becter, uniq_prince_ribbit1
D:8:      gammafunk_corrupted_shrine, layout_rooms, due_lair_maze_entry_diamond,
          special_room [special_room_orc], ebering_ghost_rock_garden
D:9:      layout_basic, nzn_hepliaklqana_mist_gate, minitemple,
          vehumet_altar_wand_db
D:10:     layout_grid_maze, amcnicky_mini_corridor_feature
Temple:   jpeg_temple_island
Lair:1:   layout_regular_city, hibernation_bobbens
Lair:2:   nzn_winding_woodlands_small
          [nzn_winding_woodlands_5x15_pathside_ponds,
          nzn_winding_woodlands_center_garden,
          nzn_winding_woodlands_5x15_garden], layout_chaotic_city
Lair:3:   layout_cellular_growth, grunt_megastairs_1, uniq_snorg, uniq_urug

Skill      XL: |  1  2  3  4  5  6  7  8  9 10 11 12 |
---------------+-------------------------------------+-----
Earth Magic    | 4 5 8 9 10 11 12 14 15 | 15.2
Conjurations   | 4 6 8 10 | 10.6
Spellcasting   | 3 5 7 9 |  9.3
Fire Magic     | 3 4 |  4.2
Fighting       | 2 |  2.1
Dodging        | |  1.5
Stealth        | |  2.1
Transmutations | |  0.7

Action                   |  1- 3 |  4- 6 |  7- 9 | 10-12 || total
-------------------------+-------+-------+-------+-------++-------
Melee: Mace              |    27 |       |       |       ||    27
       Dagger            |    77 |    72 |    79 |       ||   228
       Flail             |       |    54 |    21 |    68 ||   143
       Spear             |       |       |    92 |    17 ||   109
       Morningstar       |       |       |     6 |       ||     6
 Cast: Sandblast         |    31 |     4 |    38 |     1 ||    74
       Stone Arrow       |       |     1 |       |   148 ||   149
       Lee's Rapid Decon |       |       |    33 |    64 ||    97
  Use: Scroll            |     6 |       |       |     5 ||    11
       Potion            |       |       |       |    10 ||    10
 Stab: Sleeping          |     2 |     4 |     2 |       ||     8
       Distracted        |       |       |     2 |       ||     2
Armor: Robe              |    51 |    82 |   104 |    70 ||   307
       Troll leather arm |       |       |       |    34 ||    34
Dodge: Dodged            |    63 |   100 |   151 |   135 ||   449

Table legend: (Time is in decaauts)
 A = Elapsed time spent in this place.
 B = Non-inter-level travel time spent in this place.
 C = Inter-level travel time spent in this place.
 D = Time resting spent in this place.
 E = Time spent auto-exploring this place.
 F = Levels seen in this place.
 G = Mean time per level.
                   A        B        C        D        E       F      G
               +--------+--------+--------+--------+--------+-----+--------+
         Total |  16171 |  15403 |    768 |    359 |  11730 |  14 | 1155.1 |
       Dungeon |  12862 |  12203 |    659 |    256 |   9080 |  10 | 1286.2 |
        Temple |     66 |     36 |     30 |      0 |     26 |   1 |   66.0 |
          Lair |   3242 |   3164 |     78 |    103 |   2624 |   3 | 1080.7 |
               +--------+--------+--------+--------+--------+-----+--------+

Top non-repeatable levels by time:
     D:2: 1943 daAuts
    D:10: 1906 daAuts
  Lair:2: 1824 daAuts
     D:7: 1472 daAuts
     D:3: 1316 daAuts
  Lair:1: 1285 daAuts
     D:4: 1250 daAuts
     D:8: 1224 daAuts
     D:5: 1004 daAuts
     D:9: 932 daAuts
     D:1: 914 daAuts
     D:6: 896 daAuts
  Lair:3: 132 daAuts
  Temple: 66 daAuts
